 Dungeon Crawl Stone Soup version 0.18-a0-738-g888b110 (webtiles) character file.

100 AnCiEnTIStOnEIBeAsT the Insei (level 4, -7/28 HPs)
             Began as an Octopode Transmuter on Dec 11, 2015.
             Killed from afar by an orc wizard (10 damage)
             ... with a magic dart
             ... on level 3 of the Dungeon.
             The game lasted 00:04:33 (2704 turns).

AnCiEnTIStOnEIBeAsT the Insei (Octopode Transmuter) Turns: 2704, Time: 00:04:33

Health: -7/28      AC:  1    Str:  9    XL:     4   Next: 73%
Magic:  1/7        EV: 13    Int: 15    God:
Gold:   82         SH:  0    Dex: 13    Spells: 3 memorised, 1 level left

rFire  x . .     SeeInvis .       - Unarmed
rCold  + . .     Clarity  .     (no shield)
rNeg   . . .     SustAt   .     (helmet restricted)
rPois  .         Gourm    .     (no amulet)
rElec  .         Spirit   .     h - ring of ice (curse)
rCorr  .         Dismiss  .     (no ring)
rMut   .         Stasis   .     (no ring)
MR     .....                    (no ring)
Stlth  ++........               (no ring)
                                (no ring)
                                (no ring)
                                (no ring)

@: very slightly contaminated, not resistant to hostile enchantments, unstealthy
A: almost no armour, amphibious, 8 rings, constrict 8, camouflage 1, gelatinous
body 1
a: no special abilities


You were on level 3 of the Dungeon.
You were not hungry.

You visited 1 branch of the dungeon, and saw 3 of its levels.

You collected 82 gold pieces.

Inventory:

Hand Weapons
 r - a +0 hunting sling
Missiles
 a - 11 arrows
 e - 99 stones (quivered)
Jewellery
 h - a cursed ring of ice (left tentacle)
Scrolls
 i - 2 scrolls of identify {unknown}
 j - a scroll of enchant armour {unknown}
 l - 2 scrolls of teleportation {unknown}
 m - a scroll of recharging {unknown}
 n - 2 scrolls of amnesia {unknown}
 t - a scroll of remove curse {unknown}
Potions
 d - a potion of heal wounds {unknown}
 g - a potion of haste {unknown}
 o - a potion of poison {unknown}
Books
 b - a book of Changes

   Spells                             Type                      Level
   a - Beastly Appendage              Transmutation                1
   b - Sticks to Snakes               Transmutation                2
   c - Spider Form                    Transmutation/Poison         3
   d - Ice Form                       Ice/Transmutation            4
   e - Blade Hands                    Transmutation                5
 s - a book of Maledictions

   Spells                             Type                      Level
   a - Corona                         Hexes                        1
   b - Ensorcelled Hibernation        Hexes/Ice                    2
   c - Confuse                        Hexes                        3
   d - Tukima's Dance                 Hexes                        3
   e - Dazzling Spray                 Conjuration/Hexes            3
Comestibles
 c - 3 bread rations
 f - 2 chunks of flesh
 k - 2 meat rations
 p - 4 fruits
 q - a slice of pizza


   Skills:
 - Level 1.0 Fighting
 * Level 3.2 Dodging
 + Level 4.1 Unarmed Combat
 + Level 2.2 Spellcasting
 + Level 2.4 Transmutations


You had one spell level left.
You knew the following spells:

 Your Spells              Type           Power        Failure   Level  Hunger
a - Beastly Appendage     Trmt           #.....       12%         1    #......
b - Sticks to Snakes      Trmt           #.......     14%         2    ###....
c - Spider Form           Trmt/Pois      #.........   43%         3    ###....


Dungeon Overview and Level Annotations

Branches:
Dungeon (3/15)

Altars:
Trog


Innate Abilities, Weirdness & Mutations

You cannot wear most types of armour.
You are amphibious.
You can wear up to eight rings at the same time.
You can use your tentacles to constrict eight enemies at once.
Your skin changes colour to match your surroundings (Stealth).
Your rubbery body absorbs attacks (AC +1).


Message History

The orc wizard points at you and mumbles some strange words.
The magic dart hits you!
* * * LOW HITPOINT WARNING * * *
You tentacle-slap the orc wizard. Your grab misses the orc wizard.
Your squeeze misses the orc wizard.
The orc wizard is heavily wounded.
The orc wizard is no longer moving quickly.
The orc wizard misses you.
You tentacle-slap the orc wizard. Your grab misses the orc wizard.
The orc wizard is severely wounded.
The orc wizard completely misses you.
You tentacle-slap the orc wizard. Your grab misses the orc wizard.
The orc wizard is almost dead.
The orc wizard barely misses you.
You closely miss the orc wizard. Your grab misses the orc wizard.
You tentacle-slap the orc wizard, but do no damage.
The orc wizard is almost dead.
The orc wizard points at you and mumbles some strange words.
The magic dart hits you!
You die...

#.#............##.# ##.#..#.###
#.#.##########.##.# #.#.##.#
#.#.#####......##.# #......#
#.#.##[........##.#.####'######
#.#..'.........##.#.#..........
#.####.........##.#.#..........
#)# #.........##.#.#..........
##.####........>##.#.#.[........
#............##@##.#.#...o......
###############o##.#.####'######
#...........# #o...o>.o........#
###.#######.######.######.......
#.#..........###'######.......
#.#....#......................
#.####.#####.#............ยง...
#......# #.#...............)
######## #.#................


You could see an orc wizard and an orc.

Vanquished Creatures
  A gnoll (D:1)
  3 adders (D:2)
  An ooze (D:1)
  A worm (D:2)
  2 giant geckos (D:1)
  2 orcs (D:3)
  A ball python (D:2)
  6 bats
  4 giant cockroaches
  7 goblins
  7 hobgoblins
  2 giant newts
  9 kobolds
  8 rats
54 creatures vanquished.

Notes
Turn   | Place    | Note
--------------------------------------------------------------
     0 | D:1      | AnCiEnTIStOnEIBeAsT the Octopode Transmuter began the quest for the Orb.
     0 | D:1      | Reached XP level 1. HP: 13/13 MP: 3/3
   303 | D:1      | Reached XP level 2. HP: 13/18 MP: 3/5
   324 | D:1      | Learned a level 2 spell: Sticks to Snakes
   548 | D:1      | Reached XP level 3. HP: 12/23 MP: 2/6
   950 | D:2      | Found a faded altar to an unknown god.
  1049 | D:2      | Learned a level 3 spell: Spider Form
  1329 | D:2      | Reached skill level 4 in Unarmed Combat
  1329 | D:2      | Reached XP level 4. HP: 10/28 MP: 4/7
  2058 | D:2      | Found a bloodstained altar of Trog.
  2704 | D:3      | Killed from afar by an orc wizard

Vault maps used:
D:1:      dpeg_arrival_stone_temple_mockup
D:2:      ecumenical_altar_1, minmay_misc_feat_chi, trog_book

Action                   |  1- 3 |  4- 6 || total
-------------------------+-------+-------++-------
Melee: Unarmed           |    62 |    61 ||   123
 Cast: Beastly Appendage |     8 |     8 ||    16
       Sticks to Snakes  |     1 |       ||     1
  Use: Scroll            |     1 |       ||     1
 Stab: Sleeping          |     3 |     6 ||     9
  Eat: Chunk             |     1 |     5 ||     6
